 Dungeon Crawl Stone Soup version 0.29-a0-1065-g47a6bb87d6 (webtiles) character file.

Game seed: 15156587079232563610

252 nickcage the Vexing (level 5, -2/24 HPs)
             Began as a Spriggan Enchanter on Aug 16, 2022.
             Slain by a river rat (7 damage)
             ... in a sewer on Aug 18, 2022.
             The game lasted 00:12:04 (3768 turns).

nickcage the Vexing (Spriggan Enchanter)            Turns: 3768, Time: 00:12:05

Health: -2/24      AC:  4    Str:  4    XL:     5   Next: 89%
Magic:  19/19      EV: 17    Int: 19    God:
Gold:   98         SH:  0    Dex: 15    Spells: 3/9 levels left

rFire   . . .      SeeInvis +   h - +2 dagger (speed)
rCold   . . .      Faith    .   (no shield)
rNeg    + + .      Spirit   .   q - +2 robe of Pride {Harm rN+}
rPois   .          Reflect  .   (helmet restricted)
rElec   .          Harm     +   (no cloak)
rCorr   .          Rampage  .   (gloves unavailable)
Will    .....                   (boots unavailable)
Stlth   ++........              j - amulet of magic regeneration
HPRegen 0.08/turn               k - ring of magical power
MPRegen 0.56/turn               t - ring of positive energy

@: slow
A: very small, no large weapons, unfitting armour, see invisible, speed 3
a: no special abilities


You were in a sewer.
You visited 1 branch of the dungeon, and saw 4 of its levels.
You also visited: Sewer.

You collected 98 gold pieces.

Inventory:

Hand Weapons
 a - a +1 dagger
 h - a +2 dagger of speed (weapon)
Missiles
 C - 9 poisoned darts
Armour
 b - a +0 robe
 q - the +2 robe of Pride (worn) {Harm rN+}
   (You found it on level 2 of the Dungeon)

   rN:        It protects you from negative energy.
   Harm:      It increases damage dealt and taken.
Jewellery
 j - an amulet of magic regeneration (around neck)
 k - a ring of magical power (left hand)
 t - a ring of positive energy (right hand)
 u - a +4 ring of protection
Wands
 x - a wand of digging (5)
Scrolls
 d - 5 scrolls of identify
 i - a scroll of enchant weapon
 p - a scroll of magic mapping
 y - a scroll of fear {unknown}
 z - a scroll of immolation {unknown}
 D - a scroll of noise {unknown}
Potions
 c - 2 potions of invisibility
 m - 2 potions of curing
 r - a potion of brilliance {unknown}
 s - 5 potions of flight
 v - a potion of ambrosia {unknown}
 w - a potion of magic {unknown}
 A - 2 potions of attraction
 B - a potion of heal wounds {unknown}


   Skills:
 + Level 4.9 Short Blades
 - Level 2.6 Dodging
 - Level 4.4 Stealth
 - Level 2.6 Spellcasting
 - Level 6.0 Hexes


You had 3 spell levels left.
You knew the following spells:

 Your Spells              Type           Power      Damage    Failure   Level
a - Ensorcelled Hibernat  Hex/Ice        26%        N/A       7%          2
b - Slow                  Hex            100%       N/A       1%          1
c - Tukima's Dance        Hex            25%        N/A       4%          3

Your spell library contained the following spells:

 Spells                   Type           Power      Damage    Failure   Level
 Confusing Touch          Hex            25%        N/A       4%          3
 Dazzling Flash           Conj/Hex       26%        N/A       14%         3
 Inner Flame              Hex/Fire       13%        N/A       14%         3
 Foxfire                  Conj/Fire      8%         2x1d4     16%         1
 Conjure Flame            Conj/Fire      2%         6-21      43%         3
 Vampiric Draining        Necr           2%         2d6       43%         3
 Flame Wave               Conj/Fire      2%         2d4       83%         4


Dungeon Overview and Level Annotations

Branches:
Dungeon (4/15)              Sewer (1/1)
 Temple: D:4-7

Altars:
Okawaru
Vehumet

Shops:
D:4 *


Innate Abilities, Weirdness & Mutations

You are very small and have problems with some larger weapons.
You are too small for most types of armour.
You have supernaturally acute eyesight. (SInv)
You cover ground extremely quickly. (Speed+++)


Message History

Moving in this stuff is going to be slow.
The worm looks drowsy...
Your unstable footing causes you to fumble your attack.
Your unstable footing causes you to fumble your attack.
The helpless worm fails to defend itself.
You perforate the worm like a sieve!!!
You kill the worm!
You open the large door. 3 river rats come into view.
There is a large open door here.
The helpless river rat fails to defend itself.
You impale the river rat!!
You kill the river rat!
The river rat bites you.
The river rat twitches its whiskers.
The river rat completely misses you.
The river rat resists with significant effort.
The river rat bites you. x2
You miscast Ensorcelled Hibernation.
You are very lightly contaminated with residual magic.
Nothing appears to happen.
The river rat bites you!
* * * LOW HITPOINT WARNING * * *
The river rat bites you.
* * * LOW HITPOINT WARNING * * *
You enter the shallow water.
Moving in this stuff is going to be slow.
Your magical contamination has completely faded away.
The river rat attacks as you move away!
The river rat bites you but does no damage.
You see here a worm corpse.
You enter the shallow water.
Moving in this stuff is going to be slow.
The river rat attacks as you move away! The river rat completely misses you.
The river rat attacks as you move away! The river rat misses you.
You enter the shallow water.
Moving in this stuff is going to be slow.
You enter the shallow water.
Moving in this stuff is going to be slow.
The river rat attacks as you move away! The river rat bites you.
You die...

†≈~# ~≈.# +#####++#### ~≈~#
.........~~~ ~≈~# #.≈~#
..........~~ ~≈~# #~≈.#
+#####''#### ~≈.# #~≈~# #....#
~≈~# #~≈~# ######
~≈~#####~≈~######################
~≈~~~~.~~.~~~~.~@r.r.~~~~~~~~....
~≈≈≈≈≈≈≈≈≈≈≈≈≈≈≈≈≈≈≈≈≈≈≈≈≈≈≈≈≈≈≈≈
~~.~.~~~~~~~~†.~~~~~~.~†~~~..~.~~
#################################


You could see 2 river rats.

Vanquished Creatures
  A necrophage (D:4)
  A howler monkey (D:4)
  3 adders
  4 river rats
  3 worms
  2 dart slugs
  5 ball pythons
  4 bats
  4 endoplasms
  5 giant cockroaches
  5 goblins
  8 hobgoblins
  8 jackals
  3 quokkas
  6 frilled lizards
  11 kobolds
  9 rats
82 creatures vanquished.

Notes
Turn   | Place    | Note
-------+----------+-------------------------------------------
     0 | D:1      | nickcage the Spriggan Enchanter began the quest for the
                  | Orb.
     0 | D:1      | Reached XP level 1. HP: 9/9 MP: 5/5
   214 | D:1      | Reached skill level 4 in Hexes
   233 | D:1      | Reached XP level 2. HP: 7/13 MP: 6/6
   554 | D:1      | Learned a level 2 spell: Ensorcelled Hibernation
  1262 | D:1      | Reached XP level 3. HP: 15/16 MP: 8/8
  1729 | D:2      | Identified the +2 robe of Pride {Harm rN+}
  1797 | D:2      | Reached skill level 5 in Hexes
  2218 | D:2      | Reached XP level 4. HP: 21/21 MP: 9/9
  2281 | D:2      | Learned a level 1 spell: Slow
  2285 | D:2      | Learned a level 3 spell: Tukima's Dance
  2908 | D:3      | Found an iron altar of Okawaru.
  3376 | D:4      | Found Ridghus's Assorted Antiques.
  3386 | D:4      | Found a radiant altar of Vehumet.
  3434 | D:4      | Reached skill level 6 in Hexes
  3482 | D:4      | Noticed a necrophage
  3483 | D:4      | Upgraded the game from 0.29-a0-1047-g7c58e119a4 to
                  | 0.29-a0-1065-g47a6bb87d6
  3499 | D:4      | Killed a necrophage
  3500 | D:4      | Reached XP level 5. HP: 20/24 MP: 10/10
  3564 | D:4      | Found a glowing drain.
  3569 | Sewer    | Entered a sewer
  3768 | Sewer    | Slain by a river rat

Illustrated notes

Levels and vault maps discovered:
D:1:      scummos_arrival_star, layout_basic, st_stairs_3,
          minmay_split_cup_large
D:2:      layout_loops_ring
D:3:      layout_basic, mainiacjoe_overflow_six_doors_small
D:4:      layout_loops_ring, nicolae_vehumet_radiance, serial_shops,
          nicolae_shop_advertising_works [nicolae_subvault_shop_adworks],
          gup_sewer_entry_bowl
Sewer:    sewer_fruit_machine

Skill      XL: |  1  2  3  4 |
---------------+-------------+-----
Hexes          | 4 5 6 |  6.0
Short Blades   | 2 4 |  4.9
Dodging        | |  2.6
Stealth        | |  4.4
Spellcasting   | |  2.6

Action                   |  1- 3 |  4- 6 || total
-------------------------+-------+-------++-------
Melee: Dagger            |    94 |    75 ||   169
       Punch             |     2 |     1 ||     3
 Cast: Ensorcelled Hiber |    34 |    34 ||    68
       Slow              |       |     3 ||     3
  Use: Scroll            |       |    10 ||    10
 Stab: Sleeping          |    32 |    26 ||    58
Armor: Robe              |    11 |     9 ||    20
Dodge: Dodged            |    59 |    46 ||   105

Table legend: (Time is in decaauts)
 A = Elapsed time spent in this place.
 B = Non-inter-level travel time spent in this place.
 C = Inter-level travel time spent in this place.
 D = Time resting spent in this place.
 E = Time spent auto-exploring this place.
 F = Levels seen in this place.
 G = Mean time per level.
                   A        B        C        D        E       F      G
               +--------+--------+--------+--------+--------+-----+--------+
         Total |   2861 |   2813 |     48 |    684 |   1511 |   5 |  572.2 |
       Dungeon |   2674 |   2626 |     48 |    681 |   1456 |   4 |  668.5 |
         Sewer |    187 |    187 |      0 |      3 |     54 |   1 |  187.0 |
               +--------+--------+--------+--------+--------+-----+--------+

Top non-repeatable levels by time:
     D:1: 1332 daAuts
     D:2: 663 daAuts
     D:3: 528 daAuts
   Sewer: 187 daAuts
     D:4: 150 daAuts
